 Dungeon Crawl Stone Soup version 0.31.0-32-g396128a36d (webtiles) character file.

Game seed: 7693724215387631560

62625 PaiMei the Lord of Darkness (level 14, 0/113 HPs)
             Began as a Demonspawn Necromancer on Apr 11, 2024.
             Was the Champion of Kikubaaqudgha.
             Shot with an arrow by a centaur warrior (13 damage)
             ... on level 13 of the Dungeon.
             The game lasted 00:43:05 (22581 turns).

PaiMei the Lord of Darkness (DsNe)                 Turns: 22581, Time: 00:43:06

Health: 0/113      AC:  8    Str: 10    XL:     14   Next: 65%
Magic:  0/39       EV: 17    Int: 20    God:    Kikubaaqudgha [******]
Gold:   881        SH:  6    Dex: 16    Spells: 14/37 levels left

rFire   . . .        R - +2 mace "Goblinslayer" {heavy, Dex+3}
rCold   . . .        X - +0 buckler
rNeg    . . .        v - +0 troll leather armour
rPois   +            G - +0 helmet
rElec   .            Q - +1 cloak {rPois}
rCorr   .            (no gloves)
SInv    .            (no boots)
Will    +....        P - amulet of regeneration
Stlth   ++           p - ring of magical power
HPRegen 1.98/turn    d - +4 ring of slaying
MPRegen 0.52/turn

%: guardian spirit
@: no status effects
A: hooves 2, thin metallic scales 1, ignite blood 2, augmentation 1, magic
shield, magic regeneration
a: Renounce Religion, Unearth Wretches, Torment, Brand Weapon With Pain, Receive
Forbidden Knowledge


You were on level 13 of the Dungeon.
You worshipped Kikubaaqudgha.
Kikubaaqudgha was exalted by your worship.
You visited 4 branches of the dungeon, and saw 20 of its levels.

You collected 1435 gold pieces.
You spent 554 gold pieces at shops.

Inventory:

Hand Weapons
 R - the +2 mace "Goblinslayer" (weapon) {heavy, Dex+3}
   (You took it off an orc on level 7 of the Dungeon)

   Dex+3:     It affects your dexterity (+3).
Missiles
 t - 6 darts of dispersal (quivered)
 T - a throwing net
 Z - 3 curare-tipped darts
Armour
 l - a +2 kite shield
 v - a +0 troll leather armour (worn)
 G - a +0 helmet (worn)
 Q - a +1 cloak of poison resistance (worn)
 X - a +0 buckler (worn)
Magical Staves
 S - a staff of death
Jewellery
 d - a +4 ring of slaying (right hand)
 p - a ring of magical power (left hand)
 q - a ring of flight
 A - a +6 ring of dexterity
 O - a ring of wizardry
 P - an amulet of regeneration (around neck)
 Y - a ring of see invisible
Wands
 a - a wand of paralysis (17)
 y - a wand of iceblast (20)
 C - a wand of polymorph (20)
 I - a wand of flame (43)
 J - a wand of mindburst (31)
Scrolls
 c - a scroll of immolation
 f - 4 scrolls of vulnerability
 h - 3 scrolls of identify
 i - 3 scrolls of blinking
 k - 4 scrolls of revelation
 r - a scroll of acquirement
 s - 3 scrolls of enchant weapon
 u - 2 scrolls of brand weapon
 z - 3 scrolls of teleportation
 D - 5 scrolls of amnesia
 E - 3 scrolls of torment
 L - 4 scrolls of fog
 N - 2 scrolls of fear
 V - 2 scrolls of enchant armour
Potions
 b - 2 potions of magic
 e - 2 potions of cancellation
 g - 2 potions of resistance
 j - 2 potions of lignification
 m - a potion of enlightenment
 n - 7 potions of curing
 o - 2 potions of haste
 w - 3 potions of invisibility
 x - 5 potions of attraction
 B - 5 potions of brilliance
 F - 2 potions of ambrosia
 K - 3 potions of might
 M - a potion of berserk rage
 W - 3 potions of heal wounds
Miscellaneous
 H - a phantom mirror


   Skills:
 - Level 11.0 Fighting
 + Level 2.6 Maces & Flails
 - Level 12.0 Dodging
 - Level 2.0 Stealth
 + Level 6.7 Shields
 + Level 12.4 Spellcasting
 + Level 15.0 Necromancy


You had 14 spell levels left.
You knew the following spells:

 Your Spells              Type           Power      Damage    Failure   Level
a - Necrotise             Necr           100%       1d9       1%          1
b - Vampiric Draining     Necr           64%        2d10      1%          3
c - Animate Dead          Necr           64%        N/A       1%          4
d - Curse of Agony        Necr           64%        N/A       1%          5
e - Dispel Undead         Necr           64%        3d22      1%          4
f - Martyr's Knell        Necr/Summ      42%        N/A       4%          4
g - Sublimation of Blood  Necr           64%        N/A       1%          2

Your spell library contained the following spells:

 Spells                   Type           Power      Damage    Failure   Level
 Cigotuvi's Dreadful Rot  Necr/Alch/Air  64%        N/A       1%          2
 Death Channel            Necr           32%        N/A       3%          6
 Foxfire                  Conj/Fire      48%        2x1d6     10%         1
 Freeze                   Ice            48%        1d6       10%         1
 Slow                     Hex            48%        N/A       10%         1
 Mercury Vapours          Alch/Air       24%        N/A       16%         2
 Scorch                   Fire           24%        2d6       16%         2
 Call Canine Familiar     Summ           12%        N/A       30%         3
 Confusing Touch          Hex            12%        N/A       30%         3
 Inner Flame              Hex/Fire       12%        N/A       30%         3
 Mephitic Cloud           Conj/Alch/Air  12%        N/A       30%         3
 Sigil of Binding         Hex            12%        N/A       30%         3
 Tukima's Dance           Hex            12%        N/A       30%         3
 Dimensional Bullseye     Hex/Tloc       6%         N/A       69%         4
 Flame Wave               Conj/Fire      12%        2d6       69%         4
 Iskenderun's Mystic Bla  Conj/Tloc      12%        2d5       69%         4
 Petrify                  Alch/Erth      12%        N/A       69%         4
 Sticky Flame             Fire/Alch      12%        2d5       69%         4
 Summon Blazeheart Golem  Fire/Summ      12%        N/A       69%         4
 Freezing Cloud           Conj/Ice/Air   6%         6-21      95%         5
 Irradiate                Conj/Alch      6%         3d13      95%         5
 Summon Forest            Summ/Tloc      6%         N/A       95%         5
 Summon Mana Viper        Hex/Summ       12%        N/A       95%         5
 Summon Cactus Giant      Summ           6%         N/A       100%        6


Dungeon Overview and Level Annotations

Branches:
Dungeon (13/15)            Temple (1/1) D:7            Lair (5/5) D:8
 Shoals (0/4) Lair:3        Snake (1/4) Lair:3        Slime (0/5) Lair:5
    Orc (0/2) D:11         Vaults (0/5) D:13

Altars:
Ashenzari
Cheibriados
Dithmenos
Fedhas
Gozag
Hepliaklqana
Kikubaaqudgha
Makhleb
Nemelex Xobeh
Okawaru
Qazlal
Ru
Sif Muna
Trog
Uskayaw
Vehumet
Wu Jian
Xom
Yredelemnul
Jiyva

Shops:
D:3 !   D:5 *   D:6 ?=?

Annotations:
D:4 Dowan, Duvessa
D:9 exclusion: statue
D:13 Rupert
Lair:1 3 runed translucent doors, Fractals's ghost, journeyman DsAl; monsoonserge's ghost, journeyman OpSh; rundlesten's ghost, journeyman OpSh


Innate Abilities, Weirdness & Mutations

You have hoof-like feet.
You are partially covered in thin metallic scales. (AC +2)
Your demonic aura often causes spilled blood to erupt in flames.
Your magical and physical power is slightly enhanced at high health.
When hurt, damage is shared between your health and your magic reserves.
You regenerate magic rapidly.


Message History

Rupert goes berserk!
Rupert hits you with a +2 great sword of electrocution!!!
Rupert is engulfed in blazing flames.
Rupert hits you with a +2 great sword of electrocution!!
You can move again.
Casting: Dispel Undead (safe; 1% risk of failure)
Confirm with . or Enter, or press ? or * to list all spells.
Aiming: Curse of Agony (mildly dangerous; 1% risk of failure)
Press: ? - help, Shift-Dir - straight line, f - Rupert
Aim: Rupert, wielding a +2 great sword of electrocution and wearing a +0 chain mail (flame, lightly wounded, berserk, chance to affect: 47%) Rupert is cursed with the promise of agony.
Rupert is engulfed in blazing flames.
Rupert hits you with a +2 great sword of electrocution!!
Rupert is engulfed in blazing flames.
Rupert hits you with a +2 great sword of electrocution!!
* * * LOW HITPOINT WARNING * * *
You are electrocuted!
* * * LOW HITPOINT WARNING * * *
Blink to where?
Press: ? - help, Dir - move target, p - Rupert A centaur comes into view.
As you read the scroll of blinking, it crumbles to dust.
A centaur comes into view. It is carrying a wand of polymorph.
A centaur warrior comes into view.
The centaur shouts! x2; The centaur warrior shouts!
You bludgeon the centaur!! You kick the centaur, but do no damage.
The centaur is almost dead.
The centaur is engulfed in blazing flames.
You kill the centaur!
Kikubaaqudgha accepts your kill.
The centaur warrior wields a +0 orcbow.
The centaur warrior shoots an arrow.
The arrow hits you!
* * * LOW HITPOINT WARNING * * *
The centaur zaps a wand.
You resist with almost no effort.
The centaur warrior shoots an arrow.
The arrow hits you!
* * * LOW HITPOINT WARNING * * *
The centaur zaps a wand.
You resist with almost no effort.
The centaur warrior shoots an arrow.
The arrow hits you!
You die...
Kikubaaqudgha rasps: "You have failed me!
Welcome... death!"

#.##~♣..~.........##...)....
#.#.~.≈.≈...≈...............
#.#.~....♣~.~.....###.........
####.#.~~~~~~.~♣.###.............
..##....~~.~.~.~.###.###....$....
...........≈.≈...@.....@.......>.
..##.#.~≈.♣..~.~.###.###.........
......~...~....~§# #.# ###......
..####.~#...c~.~@# #.# ###.. ..#
..~<.~~c.~.§# #.# #.... ..#
######.#.#.#§# #.# #.... ...
#.#.#.#.###'### #.... ....
#.#.#.##....# #.... #.#.#.......#
#.... #.#.#<......# #....
#.#.#.......# #.... #.#.#.......#
#....


You could see Rupert (berserk, agonized), a centaur warrior and a centaur.

Vanquished Creatures
  Fannar (D:11)
  A centaur warrior (D:13)
  A merfolk avatar (Lair:5)
  6 two-headed ogres
  2 boulder beetles
  3 death yaks (Lair:4)
  A sea snake (Lair:4)
  An arcanist (D:13)
  2 lindwurms
  Pikel (D:7)
  A deep elf pyromancer (D:13)
  5 cyclopes
  4 manticores
  An ugly thing (D:11)
  12 elephants
  3 meliai (Lair:4)
  5 black mambas
  2 merfolk sirens (Lair:3)
  2 torpor snails (Lair:1)
  10 cane toads
  3 rime drakes
  A yaktaur (D:13)
  A kobold demonologist (D:11)
  6 komodo dragons
  5 trolls
  2 polar bears (Lair:5)
  A merfolk (Lair:3)
  7 blink frogs
  11 dream sheep
  4 slime creatures (D:12)
  A vampire (D:13)
  Eustachio (D:6)
  7 wyverns
  2 water elementals (D:12)
  A shadow (D:13)
  58 yaks
  2 steam dragons
  7 vampire mosquitoes (D:11)
  3 nagas (Lair:3)
  12 water moccasins
  2 acid dragons
  2 cane toad zombies
  2 orc warriors (D:10)
  An ice beast (D:7)
  A sky beast (D:6)
  4 dream sheep zombies
  A manticore zombie (Lair:4)
  A black bear (D:5)
  An ogre (D:5)
  29 wolves
  10 centaurs
  2 lemures (D:7)
  A phantom (D:5)
  2 kobold brigands
  6 bullfrogs
  2 komodo dragon zombies (Lair:5)
  A wyvern zombie (Lair:5)
  A yak zombie (Lair:3)
  A polar bear zombie (Lair:5)
  23 killer bees (Lair:4)
  2 electric eels (D:12)
  A wolf zombie (Lair:2)
  A howler monkey (D:10)
  4 hounds
  5 orc priests
  2 bombardier beetles
  2 iguanas
  Crazy Yiuf (D:7)
  2 sleepcaps (D:5)
  9 orc wizards
  Terence (D:3)
  A killer bee zombie (D:10)
  6 adders
  A shadow imp (D:8)
  2 white imps
  2 ufetubi (D:6)
  A ribbon worm (D:4)
  A dart slug (D:5)
  34 orcs
  6 ball pythons
  6 bats
  3 endoplasms (D:1)
  4 giant cockroaches
  4 hobgoblins
  3 jackals (D:5)
  13 kobolds
  4 quokkas
  4 frilled lizards
  13 goblins
430 creatures vanquished.

Vanquished Creatures (collateral kills)
  A catoblepas (Lair:5)
  2 skysharks
  A sea snake (Lair:5)
  A harpy (Lair:5)
  An elephant (Lair:5)
  2 cane toads (Lair:5)
  2 rime drakes (Lair:5)
  2 komodo dragons (Lair:5)
  A merfolk (Lair:3)
  A polar bear (Lair:5)
  A hornet (Lair:5)
  A dream sheep (Lair:5)
  A blink frog (Lair:5)
  A snapping turtle (Lair:5)
  A water elemental (D:12)
  13 yaks
  3 wyverns (Lair:5)
  6 water moccasins
  9 wolves
  A bullfrog (Lair:3)
  5 killer bees
  An endoplasm (D:1)
57 creatures vanquished.

Vanquished Creatures (others)
  A sea snake zombie (Lair:5)
  A harpy zombie (Lair:5)
  2 two-headed ogre zombies
  A hornet zombie (Lair:5)
  4 dream sheep zombies (Lair:5)
  An elephant zombie (Lair:5)
  A rime drake zombie (Lair:5)
  A komodo dragon zombie (Lair:3)
  3 wyvern zombies (Lair:5)
  A water moccasin zombie (Lair:5)
  A polar bear zombie (Lair:5)
  A yak zombie (Lair:1)
  3 wolf zombies
  4 orc zombies (D:10)
  An orc (D:10)
26 creatures vanquished.

Grand Total: 513 creatures vanquished

Notes
Turn   | Place    | Note
-------+----------+-------------------------------------------
     0 | D:1      | PaiMei the Demonspawn Necromancer began the quest for the
                  | Orb.
     0 | D:1      | Reached XP level 1. HP: 13/13 MP: 3/3
   244 | D:1      | Found a faded altar of an unknown god.
   252 | D:1      | Gained mutation: You are partially covered in thin metallic
                  | scales. (AC +2) [demonic ancestry]
   252 | D:1      | Reached XP level 2. HP: 19/19 MP: 1/5
  1035 | D:2      | Gained mutation: Your demonic aura sometimes causes spilled
                  | blood to erupt in flames. [demonic ancestry]
  1035 | D:2      | Reached XP level 3. HP: 25/25 MP: 3/6
  1218 | D:2      | Reached skill level 1 in Fighting
  1750 | D:3      | Noticed Terence
  1754 | D:3      | Killed Terence
  1755 | D:3      | Reached skill level 5 in Necromancy
  1755 | D:3      | Gained mutation: You have large cloven feet. [demonic
                  | ancestry]
  1755 | D:3      | Reached XP level 4. HP: 25/32 MP: 2/8
  1832 | D:3      | Learned a level 3 spell: Vampiric Draining
  1956 | D:3      | Found a sparkling altar of Nemelex Xobeh.
  1958 | D:3      | Found a hazy altar of Hepliaklqana.
  1960 | D:3      | Found a blossoming altar of Fedhas.
  2158 | D:3      | Found Axtuosao's Distillery.
  2163 | D:3      | Bought a potion of curing for 33 gold pieces
  2163 | D:3      | Bought a potion of heal wounds for 55 gold pieces
  3026 | D:4      | Found an iron altar of Okawaru.
  3042 | D:4      | Found a stormy altar of Qazlal.
  3103 | D:4      | Noticed Duvessa
  3103 | D:4      | Noticed Dowan
  3308 | D:4      | Gained mutation: Your demonic aura often causes spilled
                  | blood to erupt in flames. [demonic ancestry]
  3308 | D:4      | Reached XP level 5. HP: 38/38 MP: 1/9
  3925 | D:5      | Entered Level 5 of the Dungeon
  3925 | D:5      | Found Erri's Assorted Antiques.
  4210 | D:5      | Reached XP level 6. HP: 46/46 MP: 11/11
  4581 | D:5      | Reached skill level 6 in Necromancy
  4581 | D:5      | Gained mutation: You regenerate magic rapidly. [demonic
                  | ancestry]
  4581 | D:5      | Reached XP level 7. HP: 48/52 MP: 8/12
  5236 | D:6      | Found Beggath's Magic Scroll Emporium.
  5236 | D:6      | Found Juidgh's Jewellery Emporium.
  5236 | D:6      | Found Bosewume's Magic Scroll Emporium.
  5238 | D:6      | Bought a scroll of teleportation for 33 gold pieces
  5238 | D:6      | Bought a scroll of blinking for 82 gold pieces
  5238 | D:6      | Bought a scroll of identify for 22 gold pieces
  5365 | D:6      | Found a snail-covered altar of Cheibriados.
  5677 | D:6      | Noticed Eustachio
  5692 | D:6      | Killed Eustachio
  5693 | D:6      | Reached XP level 8. HP: 57/61 MP: 2/15
  5724 | D:6      | Learned a level 4 spell: Animate Dead
  6324 | D:7      | Reached skill level 7 in Necromancy
  6333 | D:7      | Got Nijuabir's Book of Frosty Calefaction
  6456 | D:7      | Reached skill level 5 in Spellcasting
  6510 | D:7      | Found a staircase to the Ecumenical Temple.
  6518 | Temple   | Entered the Ecumenical Temple
  6531 | Temple   | Became a worshipper of Kikubaaqudgha
  6611 | D:7      | Noticed Pikel
  6619 | D:7      | Killed Pikel
  6620 | D:7      | Reached skill level 5 in Fighting
  6620 | D:7      | Reached skill level 5 in Dodging
  7264 | D:7      | Identified the +2 mace "Goblinslayer" {heavy, Dex+3}
  7380 | D:7      | Found a runed translucent door.
  7381 | D:7      | Noticed Crazy Yiuf
  7747 | D:7      | Killed Crazy Yiuf
  7832 | D:7      | Learned a level 5 spell: Curse of Agony
  7905 | D:8      | Found a staircase to the Lair.
  7947 | D:8      | Noticed a troll
  7956 | D:8      | Killed a troll
  7957 | D:8      | Reached skill level 8 in Necromancy
  7957 | D:8      | Gained mutation: When hurt, damage is shared between your
                  | health and your magic reserves. [demonic ancestry]
  7957 | D:8      | Reached XP level 9. HP: 69/69 MP: 12/17
  8295 | D:8      | Reached * piety under Kikubaaqudgha
  8295 | D:8      | Received a gift from Kikubaaqudgha
  8423 | D:9      | Found a radiant altar of Vehumet.
  8775 | D:9      | Noticed a troll
  9218 | D:9      | Reached skill level 9 in Necromancy
  9410 | D:9      | Noticed a two-headed ogre
  9437 | D:9      | Killed a two-headed ogre
  9438 | D:9      | Reached XP level 10. HP: 77/79 MP: 15/20
  9542 | D:10     | Entered Level 10 of the Dungeon
  9820 | D:10     | Found a sacrificial altar of Ru.
  9889 | D:10     | Reached ** piety under Kikubaaqudgha
  9958 | D:10     | Noticed a two-headed ogre
  9965 | D:10     | Noticed a two-headed ogre
  9966 | D:10     | Noticed a cyclops
  9969 | D:10     | Killed a two-headed ogre
  9984 | D:10     | Killed a two-headed ogre
  9985 | D:10     | Reached skill level 10 in Necromancy
 10006 | D:10     | Noticed a two-headed ogre
 10410 | D:10     | Gained mutation: Your magical and physical power is
                  | slightly enhanced at high health. [demonic ancestry]
 10410 | D:10     | Reached XP level 11. HP: 60/87 MP: 20/23
 10436 | D:10     | Noticed a two-headed ogre
 10441 | D:10     | Killed a two-headed ogre
 10447 | D:10     | Killed a two-headed ogre
 11304 | D:3      | Bought a potion of haste for 110 gold pieces
 11304 | D:3      | Bought a potion of heal wounds for 55 gold pieces
 11396 | D:6      | Bought a scroll of blinking for 82 gold pieces
 11396 | D:6      | Bought a scroll of blinking for 82 gold pieces
 11399 | D:6      | Identified a scroll of acquirement
 11528 | Lair:1   | Entered Level 1 of the Lair of Beasts
 12038 | Lair:1   | Found a snail-covered altar of Cheibriados.
 12049 | Lair:1   | Reached skill level 11 in Necromancy
 12547 | Lair:1   | Found a bloodstained altar of Trog.
 12581 | Lair:1   | Reached *** piety under Kikubaaqudgha
 12581 | Lair:1   | Received a gift from Kikubaaqudgha
 12672 | Lair:1   | Found a runed translucent gate.
 12672 | Lair:1   | Found a runed translucent gate.
 12674 | Lair:1   | Found a runed translucent gate.
 12677 | Lair:1   | Noticed monsoonserge's ghost (journeyman OpSh)
 12677 | Lair:1   | Noticed Fractals's ghost (journeyman DsAl)
 12677 | Lair:1   | Noticed rundlesten's ghost (journeyman OpSh)
 13107 | Lair:1   | Learned a level 4 spell: Dispel Undead
 13112 | Lair:1   | Learned a level 4 spell: Martyr's Knell
 13115 | Lair:1   | Learned a level 2 spell: Sublimation of Blood
 13568 | Lair:2   | Gained mutation: You have hoof-like feet. [demonic
                  | ancestry]
 13568 | Lair:2   | Reached XP level 12. HP: 97/97 MP: 25/25
 13582 | Lair:2   | Reached skill level 10 in Fighting
 13664 | Lair:2   | Reached skill level 12 in Necromancy
 14346 | Lair:3   | Reached skill level 10 in Spellcasting
 14429 | Lair:3   | Reached **** piety under Kikubaaqudgha
 14430 | Lair:3   | Reached skill level 10 in Dodging
 14724 | Lair:3   | Found a staircase to the Snake Pit.
 14963 | Lair:3   | Found a staircase to the Shoals.
 15474 | Snake:1  | Entered Level 1 of the Snake Pit
 15652 | Lair:4   | Noticed a boulder beetle
 15678 | Lair:3   | Reached skill level 1 in Shields
 16103 | Lair:4   | Killed a boulder beetle
 16104 | Lair:4   | Reached skill level 13 in Necromancy
 16104 | Lair:4   | Reached XP level 13. HP: 28/106 MP: 0/27
 16273 | Lair:4   | Found a hide-covered altar of Uskayaw.
 16273 | Lair:4   | Found an ornate altar of the Wu Jian Council.
 16865 | Lair:4   | Reached ***** piety under Kikubaaqudgha
 17992 | Lair:4   | Identified the ring of Equilibrium {rF+ Int+3}
 18336 | Lair:5   | Entered Level 5 of the Lair of Beasts
 18522 | Lair:5   | Reached skill level 14 in Necromancy
 18573 | Lair:5   | Reached skill level 5 in Shields
 18652 | Lair:5   | Identified the +0 pair of boots "Yfups" {Will- Dex+4}
 18680 | Lair:5   | Reached XP level 14. HP: 38/113 MP: 8/29
 18878 | Lair:5   | Found a viscous altar of Jiyva.
 18881 | Lair:5   | Found a staircase to the Slime Pits.
 19327 | Lair:5   | Reached ****** piety under Kikubaaqudgha
 20065 | D:11     | Found a staircase to the Orcish Mines.
 20231 | D:11     | Noticed Fannar
 20273 | D:11     | Killed Fannar
 20274 | D:11     | Reached skill level 1 in Maces & Flails
 22046 | D:13     | Noticed Rupert
 22194 | D:13     | Reached skill level 15 in Necromancy
 22316 | D:13     | Found a gate to the Vaults.
 22573 | D:13     | Paralysed by Rupert for 4 turns
 22581 | D:13     | Shot with an arrow by a centaur warrior

Illustrated notes

Levels and vault maps discovered:
D:1:      dpeg_arrival_rooms_a, layout_basic,
          shapermc_ecumenical_altar_notcrosses, minmay_crystal_water
D:2:      layout_basic
D:3:      layout_basic, minitemple, serial_shops, nicolae_shop_rolling_square,
          uniq_terence
D:4:      layout_basic, nicolae_overflow_squiral, hangedman_decor_peaks_small,
          uniq_duvessa
D:5:      layout_basic, nicolae_stop_n_shop_1, nicolae_zen_rock_garden,
          minmay_ogre_servants
D:6:      layout_loops_corners, cheibriados_altar_1,
          nicolae_shop_distant_corner_stores, uniq_eustachio
D:7:      layout_layer_cave, minmay_temple_entry_crystal_x, uniq_pikel,
          uniq_crazy_yiuf_cottage
D:8:      layout_rooms, tso_metal_star, lair_entry_dummy,
          chequers_serial_rivers_small_3
D:9:      layout_long_grid, vehumet_statue
D:10:     layout_rooms, mainiacjoe_overflow_surrounded_room, minmay_circle_x
D:11:     layout_cave_pools, david_orc_3, uniq_fannar
D:12:     layout_gridville, serial_bayou, serial_bayou_lagoon_b,
          serial_bayou_ford_a, serial_bayou_pond_c, serial_bayou_lake_a
D:13:     layout_basic, hellmonk_vaults_attempted_burglary, serial_rivers,
          chequers_serial_rivers_marsh, chequers_serial_rivers_large_b,
          chequers_serial_rivers_marsh, chequers_serial_rivers_micro_c,
          chequers_serial_rivers_marsh, chequers_serial_rivers_micro_c,
          lightli_airlock, uniq_rupert
Temple:   nicolae_temple_ecumenical_triangle
Lair:1:   layout_cave_pods, basic_altar, gammafunk_ghost_cemetery,
          kennysheep_snail_temple
Lair:2:   layout_loops_ring, chequers_serial_rivers_marsh, grunt_megastairs_1
Lair:3:   layout_roguey, elwin_shoals_entry_stream, nicolae_snake_entry_squirm
Lair:4:   regret_index_wax_grids, layout_cave_shapes,
          nzn_masters_of_martial_movement
Lair:5:   gammafunk_lair_ancient_temple, layout_regular_city, slime_entry_1
Snake:1:  layout_rooms, serial_corexii_hall, corexii_hall_statues_s,
          corexii_hall_statues_x, uniq_jorgrun

Skill      XL: |  1  2  3  4  5  6  7  8  9 10 11 12 13 14 |
---------------+-------------------------------------------+-----
Stealth        | 2 |  2.0
Dodging        | 2 3 4 5 6 8 9 10 11 12 | 12.0
Fighting       | 1 2 3 4 5 7 8 9 11 | 11.0
Necromancy     | 5 6 8 9 10 11 13 14 15 | 15.0
Spellcasting   | 3 4 5 7 8 9 10 11 12 | 12.4
Shields        | 1 5 6 |  6.7
Maces & Flails | 2 |  2.6

Action                     |  1- 3 |  4- 6 |  7- 9 | 10-12 | 13-15 || total
---------------------------+-------+-------+-------+-------+-------++-------
  Melee: Short sword       |    13 |     8 |       |       |       ||    21
         Unarmed           |     1 |       |       |       |       ||     1
         Kick              |       |    10 |    30 |    97 |   144 ||   281
         Falchion          |       |    23 |    46 |       |       ||    69
         Mace              |       |       |    46 |   218 |   350 ||   614
         Punch             |       |       |     1 |     3 |       ||     4
   Cast: Necrotise         |    67 |    54 |    74 |    43 |    36 ||   274
         Vampiric Draining |       |    20 |    53 |    69 |    42 ||   184
         Curse of Agony    |       |       |     1 |     4 |    23 ||    28
         Animate Dead      |       |       |     1 |     4 |     5 ||    10
         Dispel Undead     |       |       |       |       |     9 ||     9
    Use: Scroll            |       |       |     9 |    15 |     4 ||    28
         Potion            |       |       |       |     1 |       ||     1
   Stab: Distracted        |       |     1 |       |     1 |     1 ||     3
         Sleeping          |       |       |       |     1 |       ||     1
 Armour: Robe              |    17 |    33 |    32 |       |       ||    82
         Leather armour    |       |       |   103 |   396 |   505 ||  1004
         Troll leather arm |       |       |       |       |    38 ||    38
  Dodge: Dodged            |    29 |    33 |   166 |   465 |   647 ||  1340
  Block: Buckler           |       |       |       |    61 |   203 ||   264
